cohdb
Replays
Latest Replays
All Replays
Popular Replays
Top Player Replays
Match Explorer
How It Works
Community
CoH3 Stats
Reddit
Sign in to upload your games and track your stats! →
Sign in with Steam
Match 42493614
Unlisted
Match 42493614
Overview
Messages
Build Orders
End
Construct Infanterie Kompanie
Selects Terror Battlegroup
Selects Machine Gun Camouflage
Grenadier Squad
MG 42 Machine Gun Team
Grenadier Squad
MG 42 Machine Gun Team
Infanterie Officer Quarters
Construct Luftwaffe Kompanie
Jäger Squad
Support Elements
Pioneer Squad
Selects Interrogate
Wirbelwind Flakpanzer
Jäger Squad
Wirbelwind Flakpanzer
Side Skirts
Construct Panzergrenadier Kompanie
Pioneer Squad
Nebelwerfer 42 Rocket Launcher Team
Selects Propaganda Leaflet Drop
Medical Bunker
Selects V1 Rocket Strike
StuG III G Assault Gun
Propaganda Leaflet Drop
StuG III G Assault Gun
V1 Rocket Strike
hooveric
goldship
Fredsch
KillerKing
0
0
Comments
sign in to comment!
No comments posted yet!